 Dungeon Crawl Stone Soup version 0.28.0-43-g3370ac3207 (webtiles) character file.

Game seed: 6240519239281293523

457 Ablot the Grasshopper (level 7, 0/56 HPs)
             Began as a Gnoll Warper on Feb 28, 2022.
             Was a Believer of Fedhas.
             Slain by a quokka (1 damage)
             ... summoned by Eustachio
             ... on level 4 of the Dungeon.
             The game lasted 00:05:29 (5365 turns).

Ablot the Grasshopper (Gnoll Warper)                Turns: 5365, Time: 00:05:29

Health: 0/56       AC:  3    Str: 12    XL:     7   Next: 6%
Magic:  15/15      EV: 11    Int: 13    God:    Fedhas [**....]
Gold:   179        SH: 15    Dex: 24    Spells: 15/17 levels left

rFire   . . .      SeeInvis .   a - +0 trident
rCold   . . .      Faith    .   m - +0 tower shield "Otuystra" {Dex+7}
rNeg    . . .      Spirit   .   b - +0 leather armour
rPois   .          Reflect  .   (no helmet)
rElec   .          Harm     .   (no cloak)
rCorr   .          Rampage  .   (no gloves)
Will    .....                   (no boots)
Stlth   ++........              (no amulet)
HPRegen 0.18/turn               v - +6 ring of dexterity
MPRegen 0.14/turn               (no ring)

@: no status effects
A: fangs 1, strong nose, distributed training
a: Renounce Religion, Wall of Briars


You were on level 4 of the Dungeon.
You worshipped Fedhas.
Fedhas was pleased with you.
You visited 1 branch of the dungeon, and saw 4 of its levels.

You collected 179 gold pieces.

Inventory:

Hand Weapons
 a - a +0 trident (weapon)
Missiles
 d - 5 boomerangs of dispersal (quivered)
 e - 123 stones
 g - 18 bolts
 k - 16 arrows
 n - 10 poisoned darts
 q - 28 sling bullets
 s - 3 curare-tipped darts
Armour
 b - a +0 leather armour (worn)
 m - the +0 tower shield "Otuystra" (worn) {Dex+7}
   (You found it on level 2 of the Dungeon)

   Dex:       It affects your dexterity (+7).
Jewellery
 v - a +6 ring of dexterity (left hand)
Wands
 l - a wand of iceblast (10)
Scrolls
 c - a scroll of blinking
 f - a scroll of holy word {unknown}
 h - 6 scrolls of identify {unknown}
 i - a scroll of teleportation {unknown}
 r - a scroll of fear {unknown}
 u - a scroll of vulnerability {unknown}
 w - a scroll of magic mapping {unknown}
Potions
 j - a potion of berserk rage {unknown}
 o - 3 potions of heal wounds {unknown}
 p - 2 potions of resistance {unknown}
 t - a potion of curing {unknown}
 x - a potion of magic {unknown}


   Skills:
 + Level 5.1 Fighting
 + Level 2.2 Short Blades
 + Level 2.2 Long Blades
 + Level 2.2 Axes
 + Level 2.2 Maces & Flails
 + Level 5.1 Polearms
 + Level 2.2 Staves
 + Level 2.2 Slings
 + Level 2.2 Bows
 + Level 2.2 Crossbows
 + Level 3.4 Throwing
 + Level 3.4 Armour
 + Level 5.1 Dodging
 + Level 2.2 Stealth
 + Level 2.2 Shields
 + Level 2.2 Unarmed Combat
 + Level 5.5 Spellcasting
 + Level 1.8 Conjurations
 + Level 1.8 Hexes
 + Level 1.8 Summonings
 + Level 1.8 Necromancy
 + Level 5.7 Translocations
 + Level 1.8 Transmutations
 + Level 1.8 Fire Magic
 + Level 1.8 Ice Magic
 + Level 1.8 Air Magic
 + Level 1.8 Earth Magic
 + Level 1.8 Poison Magic
 + Level 2.5 Invocations
 + Level 2.2 Evocations


You had 15 spell levels left.
You knew the following spells:

 Your Spells              Type           Power      Damage    Failure   Level
a - Blink                 Tloc           36%        N/A       43%         2

Your spell library contained the following spells:

 Spells                   Type           Power      Damage    Failure   Level
 Apportation              Tloc           36%        N/A       30%         1
 Gell's Gravitas          Tloc           18%        N/A       67%         3
 Lesser Beckoning         Tloc           18%        N/A       67%         3
 Teleport Other           Tloc           18%        N/A       67%         3
 Animate Skeleton         Necr           16%        N/A       83%         1
 Summon Small Mammal      Summ           32%        N/A       83%         1
 Manifold Assault         Tloc           18%        N/A       100%        5


Dungeon Overview and Level Annotations

Branches:
Dungeon (4/15)
 Temple: D:4-7

Altars:
Fedhas
Nemelex Xobeh
Trog

Annotations:
D:4 Eustachio


Innate Abilities, Weirdness & Mutations

You have very sharp teeth.
Your uncanny sense of smell can sniff out nearby items.
Your experience applies equally to all skills.


Message History

You are too injured to fight recklessly!
You are too injured to fight recklessly!
You are too injured to fight recklessly!
You are too injured to fight recklessly!
You are too injured to fight recklessly!
You are too injured to fight recklessly!
You are too injured to fight recklessly!
You are too injured to fight recklessly!
You closely miss Eustachio.
Eustachio is heavily wounded.
Eustachio closely misses you. The shadow imp gestures at you.
Pain shoots through your body! You block the river rat's attack.
Eustachio mumbles some strange words.
You block the shadow imp's attack.
You barely miss Eustachio. Your bite misses Eustachio.
Eustachio is heavily wounded.
You block the river rat's attack. The quokka bites you.
You block Eustachio's attack.
The shadow imp picks up a beetle and eats it.
The shadow imp closely misses you. The river rat closely misses you.
You closely miss Eustachio.
Eustachio is heavily wounded.
The quokka twitches its whiskers.
You block the quokka's attack. You block Eustachio's attack.
The shadow imp hits you. The river rat closely misses you.
The quokka closely misses you.
Unknown command.
You hit Eustachio but do no damage.
Eustachio is heavily wounded.
Eustachio misses you. The shadow imp gestures at you.
Pain shoots through your body!
* * * LOW HITPOINT WARNING * * *
The quokka closely misses you. You block the river rat's attack.
Eustachio misses you. The shadow imp hits you.
* * * LOW HITPOINT WARNING * * *
The quokka bites you.
You die...
Fedhas appreciates your contribution to the ecosystem.

...#......# ..
#...... ...#......#
#....>. ...'......+
#...... ...#......#
#......
#####....###+## #
###.##.
#....###..######.###
#####
#..................#
#...........r5.....#
##.#####.###@.###+#
##...## #.# #@r#
####.....##### 55b..
#.#.......#.####r...#
.............########
..............# ∆
.................#
..................
.................#


You could see Eustachio, a crimson imp (summoned), a river rat (summoned), 2
shadow imps, 2 quokkas and a bat (summoned).

Vanquished Creatures
  A black bear (D:4)
  A scorpion (D:4)
  A water moccasin zombie (D:4)
  2 hounds (D:4)
  A killer bee zombie (D:3)
  8 adders
  An ufetubus (D:4)
  A worm (D:2)
  2 dart slugs (D:3)
  6 orcs
  9 endoplasms
  5 giant cockroaches
  7 goblins
  5 hobgoblins
  9 jackals
  6 quokkas
  5 ball pythons
  3 bats
  2 frilled lizards
  11 kobolds
  5 rats
91 creatures vanquished.

Notes
Turn   | Place    | Note
-------+----------+-------------------------------------------
     0 | D:1      | Ablot the Gnoll Warper began the quest for the Orb.
     0 | D:1      | Reached XP level 1. HP: 20/20 MP: 6/6
   299 | D:1      | Reached XP level 2. HP: 25/26 MP: 7/7
   302 | D:1      | Learned a level 2 spell: Blink
   417 | D:1      | Found a faded altar of an unknown god.
   906 | D:1      | Reached XP level 3. HP: 27/31 MP: 9/9
  1041 | D:1      | Reached skill level 5 in Spellcasting
  1433 | D:2      | Found a blossoming altar of Fedhas.
  1448 | D:2      | Became a worshipper of Fedhas Madash
  1508 | D:1      | Reached skill level 1 in Invocations
  1858 | D:2      | Reached skill level 1 in Short Blades
  1858 | D:2      | Reached skill level 1 in Long Blades
  1858 | D:2      | Reached skill level 1 in Axes
  1858 | D:2      | Reached skill level 1 in Maces & Flails
  1858 | D:2      | Reached skill level 1 in Staves
  1858 | D:2      | Reached skill level 1 in Slings
  1858 | D:2      | Reached skill level 1 in Bows
  1858 | D:2      | Reached skill level 1 in Crossbows
  1858 | D:2      | Reached skill level 1 in Stealth
  1858 | D:2      | Reached skill level 1 in Shields
  1858 | D:2      | Reached skill level 1 in Unarmed Combat
  1858 | D:2      | Reached skill level 1 in Evocations
  1956 | D:2      | Reached XP level 4. HP: 38/38 MP: 11/11
  2552 | D:2      | Reached skill level 1 in Conjurations
  2552 | D:2      | Reached skill level 1 in Hexes
  2552 | D:2      | Reached skill level 1 in Summonings
  2552 | D:2      | Reached skill level 1 in Necromancy
  2552 | D:2      | Reached skill level 1 in Transmutations
  2552 | D:2      | Reached skill level 1 in Fire Magic
  2552 | D:2      | Reached skill level 1 in Ice Magic
  2552 | D:2      | Reached skill level 1 in Air Magic
  2552 | D:2      | Reached skill level 1 in Earth Magic
  2552 | D:2      | Reached skill level 1 in Poison Magic
  2565 | D:2      | Identified the +0 tower shield "Otuystra" {Dex+7}
  3186 | D:3      | Reached * piety under Fedhas
  3235 | D:3      | Reached XP level 5. HP: 23/43 MP: 12/12
  3428 | D:3      | Found a bloodstained altar of Trog.
  4425 | D:4      | Found a sparkling altar of Nemelex Xobeh.
  4439 | D:4      | Reached XP level 6. HP: 37/50 MP: 13/13
  4841 | D:4      | Noticed a black bear
  4848 | D:4      | Killed a black bear
  4849 | D:4      | Reached skill level 5 in Fighting
  4849 | D:4      | Reached skill level 5 in Polearms
  4849 | D:4      | Reached skill level 5 in Dodging
  5094 | D:4      | Reached ** piety under Fedhas
  5243 | D:4      | Reached XP level 7. HP: 44/56 MP: 15/15
  5344 | D:4      | Noticed Eustachio
  5365 | D:4      | HP: 1/56 [shadow imp[Eustachio] (5)]
  5365 | D:4      | Slain by a quokka

Illustrated notes

Levels and vault maps discovered:
D:1:      psy_arrival_fountain, layout_basic, chequers_ecumenical_altar_island,
          minmay_pentomino_w4
D:2:      layout_rooms, basic_altar
D:3:      layout_loops_ring, overflow_temple_1_default
D:4:      layout_gridville, kennysheep_mini, mainiacjoe_overflow_boulevard,
          nicolae_figureground_pulse, uniq_eustachio

Skill      XL: |  1  2  3  4  5  6 |
---------------+-------------------+-----
Spellcasting   | 5 |  5.5
Invocations    | 1 2 |  2.5
Short Blades   | 1 2 |  2.2
Long Blades    | 1 2 |  2.2
Axes           | 1 2 |  2.2
Maces & Flails | 1 2 |  2.2
Staves         | 1 2 |  2.2
Slings         | 1 2 |  2.2
Bows           | 1 2 |  2.2
Crossbows      | 1 2 |  2.2
Stealth        | 1 2 |  2.2
Shields        | 1 2 |  2.2
Unarmed Combat | 1 2 |  2.2
Evocations     | 1 2 |  2.2
Conjurations   | 1 |  1.8
Hexes          | 1 |  1.8
Summonings     | 1 |  1.8
Necromancy     | 1 |  1.8
Transmutations | 1 |  1.8
Fire Magic     | 1 |  1.8
Ice Magic      | 1 |  1.8
Air Magic      | 1 |  1.8
Earth Magic    | 1 |  1.8
Poison Magic   | 1 |  1.8
Throwing       | 3 |  3.4
Armour         | 3 |  3.4
Fighting       | 5 |  5.1
Polearms       | 5 |  5.1
Dodging        | 5 |  5.1
Translocations | |  5.7

Action                   |  1- 3 |  4- 6 |  7- 9 || total
-------------------------+-------+-------+-------++-------
Melee: Spear             |   165 |    37 |       ||   202
       Bite              |    12 |    22 |       ||    34
       Trident           |       |   206 |    22 ||   228
       Punch             |       |     1 |       ||     1
 Cast: Blink             |     2 |       |       ||     2
 Stab: Sleeping          |       |    13 |     2 ||    15
       Distracted        |       |     1 |       ||     1
Armor: Leather armour    |    32 |    51 |       ||    83
Dodge: Dodged            |    93 |   115 |    13 ||   221
Block: Tower shield      |       |   162 |    21 ||   183
